[Event "NM-Senior Hurtig 2018"]
[Site "Frimurer Logen, Norway"]
[Date "2018.11.10"]
[Round "1.1"]
[White "Bjerke, Richard"]
[Black "Ugland, Torge"]
[Result "1-0"]
[TimeControl "20 + 10"]
[WhiteElo "2094"]
[BlackElo "1646"]

1. d4 d5 2. Nf3 Nf6 3. c4 e6 4. g3 c6 5. Bg2 Nbd7 6. Qc2 Bd6 7. O-O O-O 8. Nbd2 Re8 9. e4 dxe4 10.
Nxe4 Nxe4 11. Qxe4 Nf6 12. Qe2 c5 13. Rd1 cxd4 14. Nxd4 a6 15. Bg5 h6 16. Bxf6 Qxf6 17. Nb3 e5 18.
c5 Bc7 19. Nd2 Rb8 20. Rac1 Rd8 21. Ne4 Rxd1+ 22. Rxd1 Qe7 23. b4 b6 24. Nd6 bxc5 25. bxc5 a5 26. h4 Bxd6 27. cxd6 Qe6 28.
Bd5 Qe8 29. Rc1 Bd7 30. Rc7 Rc8 31. Qa6 Rxc7 32. dxc7 Qc8 33. Qxa5 g6 34. Qb6 Kg7 35. Qb8 h5 1-0

[Event "NM-Senior Hurtig 2018"]
[Site "Frimurer Logen, Norway"]
[Date "2018.11.10"]
[Round "1.3"]
[White "Johansen, Kai Roger"]
[Black "Wister, Finn Arild"]
[Result "1-0"]
[TimeControl "20 + 10"]
[WhiteElo "1615"]
[BlackElo "1510"]

1. Nf3 Nf6 2. d4 d5 3. Bf4 g6 4. e3 Bg7 5. Be2 c5 6. O-O cxd4 7. exd4 O-O 8. c3 Nc6 9. Nbd2 Bf5 10.
Ne5 Nxe5 11. Bxe5 Qd7 12. Nf3 Ng4 13. Bxg7 Kxg7 14. h3 Nf6 15. Ne5 Qd6 16. Re1 Nd7 17. Bf3 f6 18. Ng4 e5 19.
dxe5 Nxe5 20. Nxe5 fxe5 21. Qxd5 Qxd5 22. Bxd5 1-0

[Event "NM-Senior Hurtig 2018"]
[Site "Frimurer Logen, Norway"]
[Date "2018.11.10"]
[Round "1.4"]
[White "Olsen, Trygve"]
[Black "Gyldenås, Ole Jørn"]
[Result "0-1"]
[TimeControl "20 + 10"]
[WhiteElo "1464"]
[BlackElo "1743"]

1. f4 d5 2. d4 Nf6 3. Nf3 e6 4. e3 c5 5. c3 Be7 6. Be2 O-O 7. O-O b6 8. a4 a5 9. Ne5 Bb7 10. Nd2 Nbd7 11. Ndf3 Ne4 12. Nxd7 Qxd7 13. Ne5 Qc7 14.
Bb5 Rad8 15. Rf3 f6 16. Nd3 c4 17. Nf2 Nxf2 18. Rxf2 e5 19. Rf3 Bd6 20. f5 Bc8 21. Rf2 exd4 22.
Qxd4 Bxh2+ 23. Kh1 Be5 24.
Qg4 Qf7 25. Rf3 Kh8 26. Rh3 g6 27. Bd2 Bxf5 28. Qh4 Bxh3 29. Qxh3 f5 30. Rf1 Qg7 31. e4 fxe4 32. Rxf8+ Rxf8 33.
Be3 Rf1+ 34. Bg1 Rf5 35. g4 Rf3 36. Qh4 Qf6 37. Qxf6+ Rxf6 38. Kg2 h6 39. Bxb6 Rxb6 0-1

[Event "NM-Senior Hurtig 2018"]
[Site "Frimurer Logen, Norway"]
[Date "2018.11.10"]
[Round "1.5"]
[White "Hamre, Einar"]
[Black "Ringstad, Åge"]
[Result "1-0"]
[TimeControl "20 + 10"]
[WhiteElo "1778"]
[BlackElo "1461"]

1. e4 e6 2. d4 b6 3. Nc3 Bb7 4. Be3 Bb4 5. f3 Nf6 6. a3 Be7 7. Bd3 O-O 8. e5 Nd5 9. Nxd5 Bxd5 10.
c4 Bb7 11. Qc2 g6 12. O-O-O Bg5 13. f4 Bh6 14. Nf3 f5 15. h4 d6 16. Ng5 Bxg5 17. hxg5 Rf7 18. Rh6 Nd7 19. Rdh1 dxe5 20.
dxe5 Nf8 21. R1h2 Qd7 22. R6h3 Rd8 23. Bd2 a6 24. Bc3 c5 25. Rh1 b5 26. Qe2 Bc6 27. Ba5 Rb8 28. Rd1 Qe8 29.
g4 bxc4 30. Bxc4 Bb5 31. gxf5 Bxc4 32. Qxc4 Qb5 33. Qxb5 axb5 34. f6 b4 35. axb4 cxb4 36. Rd8 Rxd8 37. Bxd8 Rd7 38. Be7 Rc7+ 39. Kd2 Nd7 40. Rd3 Kf7 41.
Rd4 b3 42. Kd3 Rb7 43. Rc4 Nb6 44. Rb4 Rd7+ 45. Ke4 Nc8 46. Bc5 Na7 47. Rxb3 Nc6 48. Rd3 Rb7 49. b3 Nb4 50. Rd4 Nd5 51. Rd3 Rb5 52. Bd6 Rb7 53.
Rf3 Rb5 54. Kd4 Ra5 55. Kc4 Ra2 56. b4 Rb2 57. Ra3 Rc2+ 58. Kd3 Rc8 59. Ra7+ Kg8 60. f7+ 1-0

[Event "NM-Senior Hurtig 2018"]
[Site "Frimurer Logen, Norway"]
[Date "2018.11.10"]
[Round "1.6"]
[White "Lind, Magne"]
[Black "Brobakken, Geir"]
[Result "0-1"]
[TimeControl "20 + 10"]
[WhiteElo "1365"]
[BlackElo "1759"]

1. Nf3 Nf6 2. d4 d6 3. Nc3 g6 4. e4 Bg7 5. Bf4 O-O 6. Be2 c6 7. O-O Bg4 8. Be3 Nbd7 9. e5 Bxf3 10.
exf6 Bxe2 11. Qxe2 Nxf6 12. f3 Re8 13. Qf2 Qc7 14. Ne2 b5 15. b3 Nd5 16. Bd2 c5 17. c3 a6 18. Rac1 c4 19.
b4 a5 20. a3 axb4 21. axb4 Ra2 22. Qe1 Rea8 23. Rb1 e5 24. Bc1 exd4 25. cxd4 Re8 0-1

[Event "NM-Senior Hurtig 2018"]
[Site "Frimurer Logen, Norway"]
[Date "2018.11.10"]
[Round "1.7"]
[White "Ofstad, Per"]
[Black "Samskott, Arne"]
[Result "1-0"]
[TimeControl "20 + 10"]
[WhiteElo "2131"]
[BlackElo "1501"]

1. e4 e5 2. Nf3 Nc6 3. d4 exd4 4. Bc4 h6 5. Nxd4 Nf6 6. O-O Ne5 7. Bb3 Bd6 8. f4 Nfg4 9. fxe5 Qh4 10.
Bf4 Nxe5 11. Bxe5 Bxe5 12. Nf3 Qf6 13. Nxe5 Qxe5 14. Nc3 O-O 15. Rf5 Qe8 16. Rf2 d6 17. Qd3 Be6 18. Raf1 Bxb3 19.
axb3 Rc8 20. Nd5 Qe5 21. Rf5 Qe6 22. Qh3 Qxe4 23. Qf3 Qxf3 24. R1xf3 g6 25. Ne7+ Kg7 26. Nxc8 gxf5 27. Ne7 Re8 28.
Nxf5+ Kh7 29. Kf2 Re5 30. g4 Rd5 31. Ke2 Re5+ 32. Re3 Rc5 33. c3 Ra5 34. Rh3 Ra2 35. Rxh6+ Kg8 36. Kd3 Rxb2 37.
b4 Rf2 38. h4 Rf3+ 39. Kc2 Rf2+ 40. Kb3 Rf1 41. Rh5 Rf4 42. Rg5+ Kf8 43. h5 a5 44. h6 Rf1 45. h7 Rh1 46. Rh5 1-0

[Event "NM-Senior Hurtig 2018"]
[Site "Frimurer Logen, Norway"]
[Date "2018.11.10"]
[Round "1.9"]
[White "Synnestvedt, Jan"]
[Black "Skaug, Thorbjørn"]
[Result "1-0"]
[TimeControl "20 + 10"]
[WhiteElo "1941"]
[BlackElo "1487"]

1. d4 b5 2. Nf3 e6 3. Bf4 Bb7 4. e3 b4 5. Be2 Nf6 6. h3 d6 7. O-O Nbd7 8. c4 c5 9. dxc5 dxc5 10.
Nbd2 Be7 11. Qc2 Nf8 12. Rfd1 Qc8 13. Bd3 Ng6 14. Bh2 O-O 15. Ne4 Rd8 16. Kf1 Nxe4 17. Bxe4 Bxe4 18. Qxe4 Rxd1+ 19. Rxd1 Qe8 20. Ke2 Rd8 21. Rxd8 Qxd8 22. b3 Qa5 23. Qc2 Qd8 24. Qd2 Qxd2+ 25. Nxd2 Kf8 26. Ne4 Ke8 27. Bb8 a6 28.
Ba7 Kd7 29. Bxc5 Kc6 30. Bxe7 Nxe7 31. Ng5 1-0

[Event "NM-Senior Hurtig 2018"]
[Site "Frimurer Logen, Norway"]
[Date "2018.11.10"]
[Round "1.10"]
[White "Taksrud, Vidar"]
[Black "Roksvold, Thore"]
[Result "1-0"]
[TimeControl "20 + 10"]
[WhiteElo "1861"]
[BlackElo "1446"]

1. d4 d5 2. Nf3 e6 3. g3 f5 4. c4 c6 5. Bg2 Nf6 6. O-O Bd6 7. Bg5 O-O 8. Nbd2 Nbd7 9. c5 Bc7 10.
b4 h6 11. Bf4 Bxf4 12. gxf4 Ne4 13. Rc1 Ndf6 14. Ne5 Ng4 15. Nxg4 fxg4 16. Nxe4 dxe4 17. e3 Qd5 18. Qc2 Qh5 19.
Bxe4 e5 20. dxe5 Kh8 21. Bg6 Qh3 22. f5 Qf3 23. e6 Rf6 24. Rcd1 Rxg6 25. Rd8+ 1-0

[Event "NM-Senior Hurtig 2018"]
[Site "Frimurer Logen, Norway"]
[Date "2018.11.10"]
[Round "1.11"]
[White "Simonsen, Steinar"]
[Black "Larsen, Arild"]
[Result "0-1"]
[TimeControl "20 + 10"]
[WhiteElo "1397"]
[BlackElo "1858"]

1. e4 e5 2. Nf3 Nc6 3.
Nc3 Nf6 4. Bb5 d6 5. Bxc6+ bxc6 6. O-O Be7 7. d4 Bg4 8. h3 Bxf3 9. Qxf3 exd4 10. Ne2 c5 11. c3 dxc3 12. Nxc3 O-O 13.
Nd5 Nxd5 14. exd5 Qd7 15. Bd2 Bf6 16. Bc3 Bxc3 17. Qxc3 Rfe8 18. Rfe1 Qf5 19. Rxe8+ Rxe8 20. Re1 Rxe1+ 21. Qxe1 Qe5 22. Qxe5 dxe5 23. f3 Kf8 24. Kf2 Ke7 25. Ke3 Kd6 26. g4 g6 27. Ke4 c4 28. h4 f6 29. h5 f5+ 30. gxf5 gxh5 31. f6 h4 32. f4 exf4 33. Kxf4 h5 34.
Kf5 h3 35. Kg6 h2 36. f7 h1=Q 37. f8=Q+ Kxd5 38. Qa8+ c6 39. Qd8+ Ke4 40. Qe7+ Kd3 41. Qd7+ Qd5 42. Qh3+ Ke2 43. Qh2+ Ke3 44. Qg1+ Kf4 45.
Qh2+ Ke4 46. Qh1+ Kd4 47. Qg1+ Ke5 0-1

[Event "NM-Senior Hurtig 2018"]
[Site "Frimurer Logen, Norway"]
[Date "2018.11.10"]
[Round "1.12"]
[White "Mella, Aage"]
[Black "Skogheim, Ole Morten"]
[Result "0-1"]
[TimeControl "20 + 10"]
[WhiteElo "1482"]
[BlackElo "1909"]

1. c4 e6 2. g3 d5 3. Bg2 Nf6 4. b3 c5 5. e3 Nc6 6. Ne2 d4 7. O-O e5 8. exd4 exd4 9. Nf4 Be7 10.
Re1 O-O 11. d3 Bf5 12. h3 Bd6 13. g4 Bg6 14. Nxg6 hxg6 15. Bg5 Qc7 16. Nd2 Nh7 17. Ne4 Nxg5 18. Nxg5 Bf4 19. Nf3 Rfe8 20. a3 Re7 21. Rxe7 Qxe7 22. Qc2 Ne5 23. Kf1 Nxf3 24. Bxf3 Re8 25. Be4 b6 26. Re1 Kh8 27. Re2 0-1